Cogmind - Beta 14 @@@ ROGUE MODE // 2025.01.11 @ 12:42:43 Player: SuperSwiss Result: Destroyed by H-66 Slayer with Gauss Rifle Performance ------------- Evolutions (4) 2000 Regions Visited (11) 2200 Robots Destroyed (191) 955 Value Destroyed (7983) 7983 Prototype IDs (25) 500 Alien Tech Used (0) 0 Bonus (3111) 3111 TOTAL SCORE: 16749 Bonus ------- High Alert Combat Kills 1256 Follower Combat Kills 460 Entered Garrisons 200 Used RIF Installer 1000 Aligned with FarCom 300 Friendly Fire -105 Cogmind --------- Core Integrity 0/850 Matter 90/300 Energy 100/100 System Corruption 3% Temperature Cool (0) Movement Core (150) Ox2 Location -6/Extension Parts ------- > --- POWER (1) -------- (None) > --- PROPULSION (4) --- (None) > --- UTILITY (5) ------ (None) > --- WEAPON (5) ------- Heavy Laser Remote Datajack > --- INVENTORY (5) ---- High-capacity Storage Unit Hacking Suite High-powered Tractor Beam Peak State ------------ > --- POWER ------------ Micro Nuclear Core > --- PROPULSION ------- Armored Treads Armored Treads Medium Treads Armored Wheel > --- UTILITY ---------- Improved Heat Sink High-capacity Storage Unit Advanced Sensor Array Recoil Stabilizer Weapon Cycler > --- WEAPON ----------- Minigun Minigun Enhanced Autogun Heavy Machine Gun Remote Datajack > --- INVENTORY -------- High-capacity Matter Pod Hacking Suite Relay Coupler [Behemoth] High-powered Tractor Beam Minigun Minigun Minigun Rocket Launcher Rocket Launcher Phasing Sabre Phasing Sabre [Rating: 54] Favorites ----------- Power Light Nuclear Core Engine Ion Engine Power Core Light Nuclear Core Propulsion Armored Wheel Treads Armored Treads Wheel Armored Wheel Utility High-capacity Storage Unit Device Coolant Injector Storage High-capacity Storage Unit Hackware Relay Coupler [Behemoth] Protection Hardened Medium Armor Plating Weapon Minigun Energy Gun Small Laser Energy Cannon Cooled Particle Cannon Ballistic Gun Minigun Ballistic Cannon Improved Light Cannon Launcher Mini Grenade Launcher Special Weapon Remote Datajack Slashing Weapon Scythe Build | -11 -10 -9 -9 -9 -8 -8 -8 -8 -7 -6 -6 ------- Run | Yrd Mat Mat Min Exi Min Mat Gar Mat Fac Fac Ext Slots Evolved 8 | . . 2 . . . 2 . . 2 2 . Power . | . . . . . . . . . . . . Propulsion 2 | . . . . . . 1 . . 1 . . Utility 3 | . . 1 . . . 1 . . . 1 . Weapon 3 | . . 1 . . . . . . 1 1 . Parts Attached 196 | 7 15 17 1 3 1 34 30 25 30 8 25 Power 11 | 1 1 2 . . . 2 1 . 3 . 1 Engine 4 | 1 1 1 . . . 1 . . . . . Core 7 | . . 1 . . . 1 1 . 3 . 1 Reactor . | . . . . . . . . . . . . Propulsion 26 | 2 2 3 . 1 . 3 4 3 6 . 2 Treads 11 | . . 1 . . . 2 2 . 4 . 2 Leg . | . . . . . . . . . . . . Wheel 15 | 2 2 2 . 1 . 1 2 3 2 . . Hover . | . . . . . . . . . . . . Flight . | . . . . . . . . . . . . Utility 48 | 2 2 1 . 2 1 10 3 6 8 4 9 Device 21 | 1 . . . 1 . 1 . 3 5 3 7 Storage 9 | 1 2 1 . 1 . 2 . . 1 . 1 Processor . | . . . . . . . . . . . . Hackware 1 | . . . . . . . . . . . 1 Protection 17 | . . . . . 1 7 3 3 2 1 . Artifact . | . . . . . . . . . . . . Weapon 111 | 2 10 11 1 . . 19 22 16 13 4 13 Energy Gun 3 | 1 . 1 . . . . . . . . 1 Energy Cannon 1 | . . . . . . . . 1 . . . Ballistic Gun 64 | 1 8 7 . . . 10 11 9 11 3 4 Ballistic Cannon 3 | . . 1 . . . 2 . . . . . Launcher 16 | . 2 2 1 . . 3 4 1 . . 3 Special Weapon 2 | . . . . . . . . . . . 2 Impact Weapon . | . . . . . . . . . . . . Slashing Weapon 22 | . . . . . . 4 7 5 2 1 3 Piercing Weapon . | . . . . . . . . . . . . Special Melee Weapon . | . . . . . . . . . . . . Unidentified Prototypes 2 | . . . . . . . . 1 1 . . Parts Lost 67 | . 4 6 . . . 7 11 1 10 2 26 Power 8 | . 1 1 . . . . 1 . 3 . 2 Propulsion 16 | . 1 2 . . . 2 4 . 1 . 6 Utility 18 | . 1 . . . . 2 3 1 3 1 7 Weapon 25 | . 1 3 . . . 3 3 . 3 1 11 Highest Loss Streak 21 | . 3 3 . . . 2 4 1 3 1 21 To Critical Strikes . | . . . . . . . . . . . . Average Slot Usage (%) 94 | . 97 86 100 100 100 99 96 92 91 92 86 Engine 4 | . 13 10 11 11 11 8 . . . . . Core 3 | . . . . . . . 6 9 7 6 5 Treads 8 | . . 3 11 2 . 9 10 9 7 6 16 Wheel 17 | . 27 18 11 19 22 17 15 17 22 20 6 Device 7 | . 11 . . 8 11 6 9 8 7 12 14 Storage 13 | . 15 31 33 24 12 13 9 9 7 6 6 Protection 8 | . . . . . 9 16 17 11 7 6 4 Ballistic Gun 19 | . 22 15 11 11 11 11 21 22 28 32 24 Ballistic Cannon 4 | . . 1 11 11 11 11 . . . . . Launcher 2 | . 1 . 10 11 11 1 . . . . 1 Slashing Weapon 1 | . . . . . . 2 5 4 1 . 2 Peak Build Rating 54 | 7 11 14 14 19 21 30 31 36 42 48 54 Average Rating 28 | 4 9 11 13 16 20 26 28 33 39 47 46 On Entrance 22 | . 7 11 12 14 19 21 30 31 35 40 48 Naked Turns . | . . . . . . . . . . . . Heaviest Build 79 | 13 34 42 41 58 60 76 72 76 74 78 79 Greatest Support 68 | 32 32 26 10 26 26 26 26 24 50 34 68 Greatest Overweight (x) 18 | . 1 4 4 4 2 4 7 6 3 2 18 Average Overweight (x) 2 | . . 1 4 2 2 2 2 2 1 2 2 Largest Inventory Capacity 20 | 8 15 15 15 20 20 20 20 20 20 20 20 Average Capacity 18 | 6 14 15 15 18 20 20 20 20 20 20 19 Most Carried 20 | 3 14 15 12 18 20 20 20 20 20 17 15 Average Carried 16 | 1 8 10 11 15 19 18 16 19 18 16 11 Final Capacity 20 | 8 15 15 15 20 20 20 20 20 20 20 5 Final Carried 20 | 1 12 8 12 18 19 18 20 20 20 15 3 Class Distribution -------------------- 34% | Tank 23% | Mutant 21% | Scavenger-Tank 11% | Scavenger-Gunner 5% | Scavenger-Mutant 4% | Skirmisher Dominant Class ---------------- Mutant | -10/Materials Mutant | -9/Materials Scavenger-Gunner | -9/Mines Scavenger-Tank | -9/Exiles Scavenger-Tank | -8/Mines Scavenger-Tank | -8/Materials Mutant | -8/Garrison Mutant | -8/Materials Tank | -7/Factory Tank | -6/Factory Tank | -6/Extension Resources | -11 -10 -9 -9 -9 -8 -8 -8 -8 -7 -6 -6 ----------- Run | Yrd Mat Mat Min Exi Min Mat Gar Mat Fac Fac Ext Matter Collected 7289 | 211 380 727 94 . 30 1132 1186 913 1615 422 579 Remotely 616 | . . . . . . . . . 47 303 266 Salvage Created 6992 | 13 480 717 155 . . 1095 1122 985 1782 315 328 Parts 446 | 2 36 57 8 . . 66 72 57 109 19 20 Haulers Intercepted 2 | . . 1 . . . . . 1 . . . Recyclers Shooed 5 | 1 1 2 . . . . . . . . 1 Parts Field Recycled . | . . . . . . . . . . . . Retrieved Matter . | . . . . . . . . . . . . Parts Self-Destructed . | . . . . . . . . . . . . Prevented . | . . . . . . . . . . . . Kills | -11 -10 -9 -9 -9 -8 -8 -8 -8 -7 -6 -6 ------- Run | Yrd Mat Mat Min Exi Min Mat Gar Mat Fac Fac Ext Combat Hostiles Destroyed 153 | . 13 19 5 . . 27 25 19 33 5 7 Guns 114 | . 9 10 3 . . 10 23 17 33 5 4 Cannons 13 | . . 2 2 . . 9 . . . . . AOE 26 | . 4 7 . . . 8 2 2 . . 3 Classes Destroyed 18 | 1 7 3 . . . 1 3 1 2 . . Worker 12 | . 1 1 . . . 3 . 3 4 . . Builder 11 | . 2 3 . . . 2 . . 3 . 1 Tunneler 3 | 1 1 . . . . . . 1 . . . Hauler 2 | . . 1 . . . . . 1 . . . Recycler 3 | . . 1 1 . . . . . 1 . . Mechanic 2 | . 1 . . . . 1 . . . . . Operator 2 | . 1 . . . . . . 1 . . . Watcher 3 | . 1 2 . . . . . . . . . Swarmer 28 | . 3 6 5 . . 4 . 2 6 . 2 Cutter 2 | . . . . . . . 2 . . . . Grunt 79 | . 10 10 . . . 16 14 11 13 3 2 Brawler 1 | . . . . . . . 1 . . . . Duelist 2 | . . . . . . . . 1 1 . . Sentry 26 | . . 3 . . . 5 6 5 5 1 1 Specialist 2 | . . . . . . 2 . . . . . Hunter 3 | . . . . . . . . . 1 . 2 Programmer 9 | . . . . . . . 2 . 6 1 . Heavy 1 | . . . . . . . . . 1 . . Best Kill Streak 11 | 1 9 11 3 . . 10 4 4 5 3 3 Combat Bots Only 7 | . 4 7 3 . . 7 4 3 4 3 2 Max Kills in Single Turn 4 | 1 4 2 1 . . 3 2 2 2 1 3 Gunslinging . | . . . . . . . . . . . . Exploded 3 | . 2 2 . . . 3 2 1 . . 1 Melee . | . . . . . . . . . . . . Uniques/NPCs Destroyed . | . . . . . . . . . . . . Combat | -11 -10 -9 -9 -9 -8 -8 -8 -8 -7 -6 -6 -------- Run | Yrd Mat Mat Min Exi Min Mat Gar Mat Fac Fac Ext Hostile Shots Fired 891 | . 77 64 21 . . 129 115 59 216 34 176 Missed 239 | . 18 22 8 . . 50 28 12 65 7 29 Damage Taken 9978 | . 671 693 109 . . 1190 1389 689 1915 376 2946 Core 1467 | . 165 128 9 . . 106 64 48 89 . 858 Absorbed by Shields 165 | . . . . . . 38 25 . . . 102 Regen/Repaired (Parts) 107 | . . . . . . . . . 107 . . Core Remaining (%) 69 | 100 34 . . . 65 . . 60 87 . . Volleys Fired 453 | 2 46 48 12 . . 55 80 52 97 15 46 Largest 5 | 2 2 3 3 . . 3 3 3 4 5 5 Hottest 146 | 60 60 102 102 . . 113 73 78 100 125 146 Shots Fired 1355 | 4 92 102 27 . . 160 216 159 378 57 160 Gun 1212 | 4 83 88 15 . . 80 211 156 378 57 140 Cannon 92 | . . 5 12 . . 75 . . . . . Launcher 42 | . 9 9 . . . 5 5 3 . . 11 Special 9 | . . . . . . . . . . . 9 Kinetic 1269 | 2 79 67 24 . . 155 211 156 378 57 140 Thermal 35 | 2 4 26 3 . . . . . . . . Explosive 42 | . 9 9 . . . 5 5 3 . . 11 Electromagnetic . | . . . . . . . . . . . . Robot Hit Streak 24 | 1 11 7 4 . . 9 14 18 24 7 11 Robot Miss Streak 5 | 1 4 3 4 . . 3 5 4 4 3 5 Penetration Max . | . . . . . . . . . . . . Secondary Targets 8 | . . 1 . . . 1 3 . 2 1 . Max Gunslinging Chain 1 | . . 1 . . . 1 1 . 1 1 . Shots Hit Robots 816 | 2 56 59 10 . . 88 131 108 227 36 99 Core Hits 373 | 1 26 40 6 . . 57 61 47 85 15 35 Critical Kills . | . . . . . . . . . . . . Critical Parts Destroyed 6 | . 1 . . . . 1 2 . 2 . . Critical Strikes 12 | . 1 . . . . 6 2 . 2 . 1 Destroy 8 | . 1 . . . . 2 2 . 2 . 1 Blast 4 | . . . . . . 4 . . . . . Melee Attacks 47 | . . . . . . 11 21 5 7 1 2 Impact . | . . . . . . . . . . . . Slashing 47 | . . . . . . 11 21 5 7 1 2 Piercing . | . . . . . . . . . . . . Sneak Attacks 3 | . . . . . . 1 . 1 . . 1 Combat Hostiles . | . . . . . . . . . . . . Follow-up Attacks . | . . . . . . . . . . . . Damage Inflicted 17097 | 19 1373 1619 167 . . 2368 2261 1927 4056 668 2639 Guns 12576 | 19 786 748 79 . . 819 2006 1715 4056 668 1680 Cannons 929 | . . 80 88 . . 761 . . . . . Explosions 3409 | . 587 791 . . . 728 255 152 . . 896 Melee 183 | . . . . . . 60 . 60 . . 63 Ramming . | . . . . . . . . . . . . Kinetic 13275 | 8 755 661 146 . . 1580 2006 1715 4056 668 1680 Thermal 230 | 11 31 167 21 . . . . . . . . Explosive 3409 | . 587 791 . . . 728 255 152 . . 896 Electromagnetic . | . . . . . . . . . . . . Impact . | . . . . . . . . . . . . Slashing 183 | . . . . . . 60 . 60 . . 63 Piercing . | . . . . . . . . . . . . Highest Corruption 4 | . . . . . . 2 4 4 3 . 3 Average Corruption 3 | . . . . . . 2 2 4 2 . 2 Corruption Purged . | . . . . . . . . . . . . Corruption Blocked . | . . . . . . . . . . . . Effects 54 | . . . . . . 1 16 29 3 . 5 Message Errors 13 | . . . . . . . 4 8 . . 1 Matter Fused 14 | . . . . . . . 5 6 2 . 1 Heat Flow Errors 8 | . . . . . . 1 1 5 1 . . Energy Discharges 6 | . . . . . . . 1 3 . . 2 Parts Rejected 1 | . . . . . . . . 1 . . . Parts Fused 1 | . . . . . . . . 1 . . . Data Loss (minor) 3 | . . . . . . . 1 2 . . . Data Loss (major) 1 | . . . . . . . 1 . . . . Misfires 4 | . . . . . . . 1 3 . . . Alerts 2 | . . . . . . . 2 . . . . Weapon Failures 1 | . . . . . . . . . . . 1 Overload Shots . | . . . . . . . . . . . . Overflow Damage 198 | . 55 4 . . . 83 . . . . 56 Projectiles 10 | . . . . . . 10 . . . . . Explosions 135 | . 55 4 . . . 43 . . . . 33 Melee 53 | . . . . . . 30 . . . . 23 Knockbacks 9 | . . . 1 . . 8 . . . . . Impact . | . . . . . . . . . . . . Kinetic 8 | . . . 1 . . 7 . . . . . Secondary 1 | . . . . . . 1 . . . . . Self-Inflicted Damage 342 | . 39 150 . . . 3 . . . . 150 Shots 14 | . 1 5 . . . 1 . . . . 7 Rammed . | . . . . . . . . . . . . Targets Rammed . | . . . . . . . . . . . . Kicked . | . . . . . . . . . . . . Crushed . | . . . . . . . . . . . . Highest Temperature 638 | 20 52 154 76 . . 448 199 197 399 466 638 Average Temperature 98 | 15 9 60 43 . . 109 97 77 87 167 174 Received Heat Transfer 3612 | . 237 306 9 . . 462 684 414 399 141 960 Effects 15 | . . . . . . 3 . . 5 1 6 Shutdowns 3 | . . . . . . 1 . . 1 . 1 Energy Bleed 1 | . . . . . . . . . 1 . . Interference 7 | . . . . . . 2 . . 3 . 2 Matter Decay 2 | . . . . . . . . . . 1 1 Damage (minor) 1 | . . . . . . . . . . . 1 Damage (core) 1 | . . . . . . . . . . . 1 Siege Activations . | . . . . . . . . . . . . Robots Corrupted . | . . . . . . . . . . . . Combat Hostiles . | . . . . . . . . . . . . Parts Fried . | . . . . . . . . . . . . Impact Corruptions . | . . . . . . . . . . . . Robots Melted . | . . . . . . . . . . . . Combat Hostiles . | . . . . . . . . . . . . Parts Melted . | . . . . . . . . . . . . Heat Transferred 525 | 25 75 375 50 . . . . . . . . Parts Sabotaged . | . . . . . . . . . . . . Parts Stolen . | . . . . . . . . . . . . Parts Stripped . | . . . . . . . . . . . . Power Chain Reactions . | . . . . . . . . . . . . Alert | -11 -10 -9 -9 -9 -8 -8 -8 -8 -7 -6 -6 ------- Run | Yrd Mat Mat Min Exi Min Mat Gar Mat Fac Fac Ext Peak Influence 1112 | 5 268 557 348 . . 321 1112 964 989 510 509 Initial 542 | . 3 113 217 . . . 170 542 387 484 203 Average 404 | 2 95 294 197 . . 139 680 738 600 466 314 Maximum Alert Level 4 | . 1 2 1 . . 1 4 3 3 2 2 Low Security (%) 27 | 100 90 32 56 . 100 59 8 . . . . Level 1 27 | . 9 46 43 . . 40 15 . 18 12 80 Level 2 25 | . . 21 . . . . 33 42 47 87 19 Level 3 17 | . . . . . . . 34 57 34 . . Level 4 . | . . . . . . . 8 . . . . Level 5 . | . . . . . . . . . . . . High Security . | . . . . . . . . . . . . Max Security . | . . . . . . . . . . . . Squads Dispatched 30 | . 3 3 . . . 3 . 3 12 2 4 Investigation 14 | . 2 . . . . 1 . 2 4 1 4 Extermination 6 | . . . . . . . . . 5 1 . Reinforcement 9 | . 1 3 . . . 2 . 1 2 . . Assault 1 | . . . . . . . . . 1 . . Garrison . | . . . . . . . . . . . . Intercept . | . . . . . . . . . . . . Searches Triggered . | . . . . . . . . . . . . Construction Impeded . | . . . . . . . . . . . . Haulers Reinforced . | . . . . . . . . . . . . Active Scanning Responses . | . . . . . . . . . . . . Cargo Convoy Interrupts . | . . . . . . . . . . . . Stealth | -11 -10 -9 -9 -9 -8 -8 -8 -8 -7 -6 -6 --------- Run | Yrd Mat Mat Min Exi Min Mat Gar Mat Fac Fac Ext Distress Signals 25 | . 1 7 . . . 6 . 4 3 . 4 Communications Jammed . | . . . . . . . . . . . . Distress Signals . | . . . . . . . . . . . . Times Spotted 244 | . 21 33 8 . . 42 28 30 47 5 30 Peak Tracking Total 7 | . 5 6 3 . . 7 5 5 5 3 7 Tactical Retreats 17 | . . 2 . . . 3 4 3 4 . 1 Traps | -11 -10 -9 -9 -9 -8 -8 -8 -8 -7 -6 -6 ------- Run | Yrd Mat Mat Min Exi Min Mat Gar Mat Fac Fac Ext Traps Triggered 27 | . 2 1 . . . 4 7 3 6 1 3 Indirectly . | . . . . . . . . . . . . Trap Hack Attempts . | . . . . . . . . . . . . Triggered . | . . . . . . . . . . . . Disarmed . | . . . . . . . . . . . . Reprogrammed . | . . . . . . . . . . . . Reused . | . . . . . . . . . . . . Traps Extracted . | . . . . . . . . . . . . Installed . | . . . . . . . . . . . . Triggered . | . . . . . . . . . . . . Machines | -11 -10 -9 -9 -9 -8 -8 -8 -8 -7 -6 -6 ---------- Run | Yrd Mat Mat Min Exi Min Mat Gar Mat Fac Fac Ext Machines Disabled 22 | . 3 1 1 . . 5 9 1 . . 2 Max in Single Turn 3 | . 2 1 1 . . 2 3 1 . . 1 Garrison Relay 7 | . . . . . . . 7 . . . . Machines Repaired . | . . . . . . . . . . . . Machines Dismantled . | . . . . . . . . . . . . Machines Sabotaged . | . . . . . . . . . . . . Overloaded Fab Kills . | . . . . . . . . . . . . Hacking | -11 -10 -9 -9 -9 -8 -8 -8 -8 -7 -6 -6 --------- Run | Yrd Mat Mat Min Exi Min Mat Gar Mat Fac Fac Ext Machines Accessed 57 | . 5 2 . 3 . 12 1 9 14 4 7 Terminals 41 | . 4 1 . . . 8 1 6 11 4 6 Fabricators 1 | . . . . . . . . . 1 . . Repair Stations 3 | . . . . . . . . 1 2 . . Recycling Units 5 | . 1 1 . . . 1 . 1 . . 1 Scanalyzers 3 | . . . . . . 2 . 1 . . . Garrison Access 1 | . . . . . . 1 . . . . . Total Hacks 133 | . 10 3 . 33 . 23 1 15 26 7 15 Successful 86 | . 9 1 . 33 . 17 . 7 13 3 3 Failed 47 | . 1 2 . . . 6 1 8 13 4 12 Catastrophic 6 | . . . . . . . . 3 . 1 2 Database Lockouts . | . . . . . . . . . . . . Manual 55 | . 6 2 . 1 . 11 1 9 17 5 3 Terminals 73 | . 8 2 . . . 13 1 9 19 7 14 Fabricators 3 | . . . . . . . . . 3 . . Repair Stations 7 | . . . . . . . . 3 4 . . Recycling Units 6 | . 2 1 . . . 1 . 1 . . 1 Scanalyzers 10 | . . . . . . 8 . 2 . . . Garrison Access 1 | . . . . . . 1 . . . . . Terminal Hacks 40 | . 3 . . 33 . 1 . . . 1 2 Record 32 | . . . . 32 . . . . . . . Open Door 3 | . . . . . . . . . . 1 2 Hauler Manifests 2 | . 2 . . . . . . . . . . Zone Layout 2 | . 1 . . . . 1 . . . . . Derelict Proto ID Bank 1 | . . . . 1 . . . . . . . Fabricator Hacks 2 | . . . . . . . . . 2 . . Load Schematic 1 | . . . . . . . . . 1 . . Build 1 | . . . . . . . . . 1 . . Repair Station Hacks 3 | . . . . . . . . 1 2 . . Scan Component 2 | . . . . . . . . 1 1 . . Repair 1 | . . . . . . . . . 1 . . Recycling Unit Hacks 4 | . 2 1 . . . . . 1 . . . Report Inventory 3 | . 1 1 . . . . . 1 . . . Retrieve Components 1 | . 1 . . . . . . . . . . Scanalyzer 8 | . . . . . . 7 . 1 . . . Insert Component 5 | . . . . . . 4 . 1 . . . Analyze 3 | . . . . . . 3 . . . . . Garrison Access Hacks 1 | . . . . . . 1 . . . . . Unlock Access 1 | . . . . . . 1 . . . . . Unauthorized Hacks 28 | . 4 . . . . 8 . 4 9 2 1 Terminals 28 | . 4 . . . . 8 . 4 9 2 1 Botnet 28 | . 4 . . . . 8 . 4 9 2 1 Fabricators . | . . . . . . . . . . . . Repair Stations . | . . . . . . . . . . . . Recycling Units . | . . . . . . . . . . . . Scanalyzers . | . . . . . . . . . . . . Garrison Access . | . . . . . . . . . . . . Data Cores Recovered . | . . . . . . . . . . . . Used . | . . . . . . . . . . . . Hacking Detections 31 | . 2 1 . . . 4 1 4 11 3 5 Full Trace Events 6 | . . . . . . 1 . . 1 . 4 Feedback Events . | . . . . . . . . . . . . Feedback Blocked . | . . . . . . . . . . . . Robot Schematics Acquired . | . . . . . . . . . . . . Robots Built . | . . . . . . . . . . . . Authchips . | . . . . . . . . . . . . Time . | . . . . . . . . . . . . Total Robot Build Rating . | . . . . . . . . . . . . Part Schematics Acquired 3 | . . . . . . 3 . . . . . Parts Built 2 | . . . . . . . . . 2 . . Authchips . | . . . . . . . . . . . . Time 36 | . . . . . . . . . 36 . . Total Part Build Rating 6 | . . . . . . . . . 6 . . Parts Repaired 1 | . . . . . . . . . 1 . . Time 60 | . . . . . . . . . 60 . . Parts Recycled . | . . . . . . . . . . . . Recycled Matter . | . . . . . . . . . . . . Retrieved Matter . | . . . . . . . . . . . . Retrieved Components 10 | . 10 . . . . . . . . . . Parts Scanalyzed 4 | . . . . . . 3 . 1 . . . Part Schematics Acquired 3 | . . . . . . 3 . . . . . Parts Damaged . | . . . . . . . . . . . . Bothacking | -11 -10 -9 -9 -9 -8 -8 -8 -8 -7 -6 -6 ------------ Run | Yrd Mat Mat Min Exi Min Mat Gar Mat Fac Fac Ext Used RIF Installer 2 | . . . . . . . 2 . . . . Command Fork 1 | . . . . . . . 1 . . . . Robots Hacked 1 | . . . . . . . . . . . 1 Non-combat . | . . . . . . . . . . . . Combat 1 | . . . . . . . . . . . 1 Robot Hacks Applied 2 | . . . . . . . . . . . 2 wipe_record 1 | . . . . . . . . . . . 1 overwrite_iff 1 | . . . . . . . . . . . 1 Relay Couplers Released 27 | . . . . . . . 27 . . . . Machine Destruction 27 | . . . . . . . 27 . . . . Attached 1 | . . . . . . . . . . . 1 Fabnet Peak Effective % . | . . . . . . . . . . . . Robots Rewired . | . . . . . . . . . . . . Allies Hacked . | . . . . . . . . . . . . Hacks Repelled . | . . . . . . . . . . . . Allies | -11 -10 -9 -9 -9 -8 -8 -8 -8 -7 -6 -6 -------- Run | Yrd Mat Mat Min Exi Min Mat Gar Mat Fac Fac Ext Total Allies 3 | . . . . . . . . . . . 3 Largest Group 2 | . . . . . . . . . . . 2 Highest-Rated Group 190 | . . . . . . . . . . . 190 Highest-Rated Ally 159 | . . . . . . . . . . . 159 Total Orders . | . . . . . . . . . . . . Ally Attacks 56 | . . . . . . . . . . . 56 Total Damage 1452 | . . . . . . . . . . . 1452 Kills 12 | . . . . . . . . . . . 12 Allies Corrupted . | . . . . . . . . . . . . Allies Melted . | . . . . . . . . . . . . Intel | -11 -10 -9 -9 -9 -8 -8 -8 -8 -7 -6 -6 ------- Run | Yrd Mat Mat Min Exi Min Mat Gar Mat Fac Fac Ext Robot Analysis Total . | . . . . . . . . . . . . Derelict Logs Recovered 2 | . . . 2 . . . . . . . . Drone Launches . | . . . . . . . . . . . . Drone Recoveries . | . . . . . . . . . . . . Exploration | -11 -10 -9 -9 -9 -8 -8 -8 -8 -7 -6 -6 ------------- Run | Yrd Mat Mat Min Exi Min Mat Gar Mat Fac Fac Ext Turns Passed 11017 | 63 565 730 916 516 129 2303 1174 1240 2155 516 710 Spaces Moved 6788 | 46 355 462 610 410 99 1412 593 731 1462 378 230 Core 20 | 7 . . . . . . . . . . 13 Treads 137 | . . . . . . . . 5 3 . 129 Legs . | . . . . . . . . . . . . Wheels 6631 | 39 355 462 610 410 99 1412 593 726 1459 378 88 Hover . | . . . . . . . . . . . . Flight . | . . . . . . . . . . . . Fastest Speed 50 | 50 100 105 140 105 120 120 120 120 108 116 50 Average Speed 122 | 92 101 112 140 123 120 120 131 123 111 116 208 Slowest Speed 950 | 100 105 140 140 140 120 160 185 385 232 116 950 Overloaded Moves . | . . . . . . . . . . . . Propulsion Burnouts . | . . . . . . . . . . . . Robots Hopped . | . . . . . . . . . . . . Cave-ins Triggered . | . . . . . . . . . . . . Exploration Rate (%) 51 | 3 67 44 92 84 29 85 57 63 51 10 37 Regions Visited 11 Branch Regions 4 Pre-discovered Areas 1 | . . . . 1 . . . . . . . Known Exits Taken 2 | . . . . . . 1 . 1 . . . Unknown Exits Taken 8 | 1 1 1 1 1 1 . . . 1 1 . Scrap Searched . | . . . . . . . . . . . . Spaces Dug 22 | . . . . . . 10 . 4 7 1 . Terrain Destroyed 276 | . 69 79 1 . . 38 7 25 7 1 49 Melee 22 | . . . . . . 10 . 4 7 1 . Projectile 12 | . . . 1 . . 9 . . . . 2 AOE 242 | . 69 79 . . . 19 7 21 . . 47 Terrain Rammed . | . . . . . . . . . . . . Walls Destroyed . | . . . . . . . . . . . . Machines Disabled . | . . . . . . . . . . . . Actions | -11 -10 -9 -9 -9 -8 -8 -8 -8 -7 -6 -6 --------- Run | Yrd Mat Mat Min Exi Min Mat Gar Mat Fac Fac Ext Total 8631 | 62 467 587 647 418 109 1889 821 968 1833 432 398 Wait 935 | . 28 48 21 . 5 331 51 131 205 28 87 Move 6778 | 45 354 461 609 409 98 1412 592 730 1461 377 230 Hop . | . . . . . . . . . . . . Pick Up 125 | 8 19 8 4 5 3 28 13 9 21 3 4 Fast Attach 14 | . . . . . . 3 . 8 3 . . Attach 90 | 7 7 13 . 1 . 14 11 3 13 4 17 Detach 5 | . 1 3 . . . . . . . . 1 Swap 92 | . 8 4 1 2 1 17 19 14 14 4 8 Drop 60 | . 4 2 . 1 2 18 4 16 12 . 1 Fire 453 | 2 46 48 12 . . 55 80 52 97 15 46 Melee 47 | . . . . . . 11 21 5 7 1 2 Ram . | . . . . . . . . . . . . Kick . | . . . . . . . . . . . . Crush . | . . . . . . . . . . . . Escape Stasis 32 | . . . . . . . 30 . . . 2 Rewire . | . . . . . . . . . . . . Trap . | . . . . . . . . . . . . Miscellaneous . | . . . . . . . . . . . . Route ------- -11/Scrapyard -10/Materials (discovered 3 exits: *Mat x2 / [*Min]) -9/Materials (discovered 2 exits: *Mat / [*Min]) -9/Mines (discovered 2 exits: *Mat / *Exi) -9/Exiles -8/Mines -8/Materials (discovered 4 exits: *Fac x3 / Gar) -8/Garrison (discovered 2 exits: *Mat x2) -8/Materials -7/Factory (discovered 2 exits: *Fac x2) -6/Factory -6/Extension History --------- Turn | Location | Event 6 | -11/Scrapyard | Discovered new exit (range 15) 64 | -11/Scrapyard | Entered Materials 165 | -10/Materials | Discovered new exit (range 5) 305 | -10/Materials | Build established: Mutant 390 | -10/Materials | Discovered new exit (range 13) 518 | -10/Materials | Core integrity fell below 50% 562 | -10/Materials | Lost 3 parts (1p1u1w) 616 | -10/Materials | Discovered new exit (range 13) 629 | -10/Materials | Entered another Materials area 629 | -9/Materials | Evolved 2 slots: Utility x1, Weapon x1 869 | -9/Materials | Discovered new exit (range 15) 1188 | -9/Materials | Lost 3 parts (2n1w) 1206 | -9/Materials | Discovered new exit (range 8) 1248 | -9/Materials | Destroyed 7 combat bots 1359 | -9/Materials | Entered Mines 1375 | -9/Mines | Learned Materials stockpile data 1501 | -9/Mines | Joined a pair of Derelicts in attacking an 0b10 outpost 1528 | -9/Mines | Build established: Scavenger-Gunner 1576 | -9/Mines | Learned location of 1 exit from Materials 1718 | -9/Mines | Discovered new exit (range 10) 2058 | -9/Mines | Deemed a non-threat by the Exiles lab entrance 2058 | -9/Mines | Discovered new exit (range 5) 2275 | -9/Mines | Entered Exiles 2317 | -9/Exiles | Met 8R-AWN 2336 | -9/Exiles | Met EX-HEX 2412 | -9/Exiles | Met EX-DEC 2431 | -9/Exiles | Visited The Gauntlet 2519 | -9/Exiles | Learned location of Zion (-6) 2594 | -9/Exiles | Met EX-BIN 2612 | -9/Exiles | Aligned with FarCom system 2614 | -9/Exiles | Given EX-Vault access code 2641 | -9/Exiles | Opened EX-Vault 2647 | -9/Exiles | Found Lightpack 2.0 2659 | -9/Exiles | Found Supersonic Drone Bay 2695 | -9/Exiles | Build established: Scavenger-Tank 2695 | -9/Exiles | Warned to stay clear of 0b10 Research branches 2776 | -9/Exiles | Discovered new exit (range 14) 2791 | -9/Exiles | Stole two prototypes: Lightpack 2.0, Supersonic Drone Bay 2791 | -9/Exiles | Entered Mines 2910 | -8/Mines | Discovered new exit (range 8) 2920 | -8/Mines | Entered Materials 2920 | -8/Materials | Evolved 2 slots: Propulsion x1, Utility x1 2921 | -8/Materials | Identified exit to Factory 3345 | -8/Materials | Destroyed 7 combat bots 3497 | -8/Materials | Discovered exit to Factory (range 7) 3662 | -8/Materials | Discovered exit to Factory (range 15) 5223 | -8/Materials | Identified exit to Garrison 5223 | -8/Materials | Entered Garrison 5297 | -8/Garrison | Build established: Scavenger-Mutant 5313 | -8/Garrison | Triggered checkpoint 5498 | -8/Garrison | Garrison Relay disabled 5592 | -8/Garrison | Discovered new exit (range 8) 5631 | -8/Garrison | Triggered checkpoint 5662 | -8/Garrison | Garrison Relay disabled 5828 | -8/Garrison | Installed Relay Interface Framework 5886 | -8/Garrison | Garrison Relay disabled 5886 | -8/Garrison | Garrison Relay disabled 5949 | -8/Garrison | Garrison Relay disabled 6017 | -8/Garrison | Triggered checkpoint 6090 | -8/Garrison | Discovered new exit (range 11) 6143 | -8/Garrison | Triggered checkpoint 6156 | -8/Garrison | Lost 4 parts (3n1u) 6292 | -8/Garrison | Garrison Relay disabled 6307 | -8/Garrison | Expanded RIF knowledge: Command Fork 6397 | -8/Garrison | Entered Materials 6606 | -8/Materials | Discovered exit to Factory (range 14) 7637 | -8/Materials | Entered Factory 7637 | -7/Factory | Evolved 2 slots: Propulsion x1, Weapon x1 7639 | -7/Factory | FarCom data flow suspended 7949 | -7/Factory | Build established: Tank 8339 | -7/Factory | Fabricated Minigun (x2) 8505 | -7/Factory | Discovered new exit (range 3) 9321 | -7/Factory | Repaired Enh. Autogun 9683 | -7/Factory | First assault squad dispatched 9754 | -7/Factory | Discovered new exit (range 9) 9792 | -7/Factory | Entered another Factory area 9792 | -6/Factory | Evolved 2 slots: Utility x1, Weapon x1 9796 | -6/Factory | Lost 3 parts (1p1u1w) 10298 | -6/Factory | Discovered new exit (range 10) 10308 | -6/Factory | Entered Extension 10317 | -6/Extension | Disrupted transfer network 10389 | -6/Extension | Rescued A7 10403 | -6/Extension | Lost 4 parts (1p2n1u) 10516 | -6/Extension | Rescued a captive Derelict 10870 | -6/Extension | Spotted B-75 Beast 10921 | -6/Extension | Spotted B-75 Beast 10922 | -6/Extension | Allies destroyed B-75 Beast 10976 | -6/Extension | Core integrity fell below 50% 10988 | -6/Extension | Core integrity fell below 20% 11017 | -6/Extension | Lost 21 parts (1p4n5u11w) 11018 | -6/Extension | Destroyed by H-66 Slayer with Gauss Rifle Last Messages --------------- 11000_ R-10 Processor collects Corrupted Imp. Medium Treads. 11001_ The unstable cave ceiling collapses. 11001_ 13 Matter crushed. 11003_ Slug penetrates Wall. 11003_ Slug penetrates Earth. 11004_ Network quickbooting B-75 Beast, ETC: 5. 11005_ System corrupted: Matter fused (-8). 11005_ B-75 Beast system offline. 11007_ Slug penetrates Earth. 11009_ B-75 Beast system offline. 11009_ B-75 Beast reactivates. 11010_ Knocked back. 11012_ Slug penetrates Wall. 11013_ Jacked B-75 Beast... >>wipe_record Installed hostile record filter. Deleted hostile record. 11013_ U-05 Engineer lays Concrete. 11018_ Penetrated by Slug. [Achievement: Just Browsing] Map ----- +----------------------------------------------------+ | ?????#"""#???????????????????????????????????????? | | ###?##"T"###?????????????????????????????????????? | | #?# !#?????????????????????????????????????? | | ###** #?????????????????????????????????????? | | # * """#?????????????????????????????????????? | | ##!*== Y"#?????????????????????????????????????? | | # # [%"""#?????????????????????????????????????? | | / [%% #?????????????????????????????????????? | | *# ##?????????????????????????????????????? | | [ ### #################??????????????????????? | | [[!%* #??????????????????????? | | #####=! ############### #??????????????????????? | | # %### #?????????????# #??????????????????????? | | # ######T #?????????????# #??????????????????????? | | # #????##"#?????????????# #??????????????????????? | | # T?????????????????????# #??????????????????????? | | #"#?????????????????????# #??????????????????????? | | ????????????????????????# #??????????????????????? | | ????????????????????????#R#??????????????????????? | | ????????????????????????# #??????????????????????? | | ????????????????????????# #??????????????????????? | | ????????????????????????# #??????????????????????? | | ??????????????????????### #??????????????????????? | | ??????????????????????# # #??????????????????????? | | ??????????????????????"= #??????????????????????? | | ??????????????????????" #@#??????????????????????? | | ??????????????????????#T# #??????????????????????? | | ?????????????????????##"# ####???????????????????? | | ?????????????????????# %*# ##??????????????????? | | ?????????????????????# #BB #??????????????????? | | ?????????????????????# BB ## ##?????????????????? | | ?????????????????????# !h ""?????????????? | | ????????????????????# " "???????????? | | ????????????????????## % ???????????? | | ?????????????????????# ??????????? | | ?????????????????????## ??????????? | | ?????????????????????? ??????????? | | ?????????????????????? ???????????? | | ????????????????????? ???????????? | | ????????????????????? ????????????? | | ????????????????????? ????????????? | | ???????????????????? # ??????????????? | | ????????????????????# # ????????????????? | | ?????????????????????## ???????????????????? | | ??????????????????????? ?????????????????????? | | ?????????????????????????????????????????????????? | | ?????????????????????????????????????????????????? | | ?????????????????????????????????????????????????? | | ?????????????????????????????????????????????????? | | | +----------------------------------------------------+ Best States ------------- Heat Dissipation 51 Coolant Potential 65 Energy Generation 15 Energy Capacity 265 Matter Stores 500 Matter Capacity 500 Sight Range 16 Robot Scan Range 16 Terrain Scan Density 10 Armor Coverage 825 Resistance: KI 20 Weapon Cycling 15 Evasion (%) 40 Recoil Reduction 7 Relay Coupler Types 1 Relay Coupler Value 2 Item Schematics ----------------- Autogun | -8/Materials | Scanalyzed Lgt. Fission Core | -8/Materials | Scanalyzed Minigun | -8/Materials | Scanalyzed Robot Schematics ------------------ None Fabricated ------------ Minigun | x2 | -7/Factory Alien Tech Used ----------------- None Achievements -------------- Just Browsing Prolific Hacker Use The Force Challenges ------------ None Game ------ Seed VariableCoolingTorch Manual? 0 Play Time 03:11:00 Cumulative 28.3 hours Start 2025.01.09 @ 18:33:41 End 2025.01.11 @ 12:42:43 Sessions 7 Manual Loads 0 Difficulty Rogue Special Mode None Game No. 39 Rogue 36 Adventurer 0 Explorer 3 Win Type - Total 0 Types 0/0/0/0/0/0/0/0/0 Lore% 6 Gallery% 25 Achievement% 24 Wizard Run 0 Options --------- Layout 0 ASCII 0 Keyboard 0 Movement Numpad Keybinds 0 Fullscreen 0 Font 16/SmallcapsGlow Map View 88x55 Zoom Use 0% Tactical HUD 1 Map Filters NONE Filters NONE Steam 1 RUN: e4d6e876-1363-4244-8085-aae950b29cb8